 Dungeon Sprint DCSS version 0.26.1-11-gd32895ea62 (webtiles) character file.

Game seed: 12263729137487773866

32631 Dadi the Slayer (level 13, 0/232 HPs)
             Began as a Minotaur Berserker on July 27, 2021.
             Was a High Priest of Trog.
             Killed by an exploding ball lightning (1 damage)
             ... in the Dungeon (Sprint I: "Red Sonja").
             The game lasted 00:30:57 (6871 turns).

Dadi the Slayer (Minotaur Berserker)                Turns: 6871, Time: 00:30:58

Health: 0/232      AC: 25    Str: 26    XL:     13   Next: 32%
Magic:  12/12      EV: 17    Int:  4    God:    Trog [*****.]
Gold:   2624       SH:  0    Dex: 11    Spells: 12/12 levels left

rFire    + + .     SeeInvis .   r - +8 great mace (flame)
rCold    + . .     Faith    .   (shield currently unavailable)
rNeg     + . .     Spirit   .   M - +2 scale mail {rF+}
rPois    .         Reflect  .   (helmet restricted)
rElec    .         Harm     .   a - +4 dragonskin cloak
rCorr    .         Rampage  +   t - +1 pair of gloves
Will     +....     NoTele   +   n - +2 pair of boots {rampage}
Stlth    ..........             (no amulet)
HPRegen  0.48/turn              C - ring of protection from cold
MPRegen  0.13/turn              F - ring of protection from fire

@: berserking (expiring), very quick
A: retaliatory headbutt, fangs 1, horns 2, camouflage 1, strong-willed 1,
MP-powered wands
0: Orb of Zot
a: Renounce Religion, Berserk, Trog's Hand, Brothers in Arms


You were in the Dungeon.
You worshipped Trog.
Trog was extremely pleased with you.
You visited 1 branch You collected 4584 gold pieces.
You spent 1960 gold pieces at shops.


Innate Abilities, Weirdness & Mutations

You reflexively headbutt those who attack you in melee.
You have a pair of horns on your head.
You have very sharp teeth.
Your skin changes colour to match your surroundings (Stealth+).
You are strong-willed. (Will+)
You expend magic power (3 MP) to strengthen your wands.


   Skills:
 + Level 25.6 Fighting
 - Level 20.1 Maces & Flails
 - Level 18.0 Armour
 - Level 13.3 Dodging


You had 12 spell levels left.
You didn't know any spells.
Your spell library was empty.

Inventory:

Hand Weapons
 r - a +8 great mace of flaming (weapon)
   (Trog gifted it to you in the Dungeon)
 s - a +2 bardiche of freezing
   (You took it off Tiamat in the Dungeon)
 z - the +8 triple sword of Corruption {venom, +Rage +Inv Will+ Dex-4, rare}
   (You found it in the Dungeon)

   It poisons the flesh of those it strikes.
   It affects your dexterity (-4).
   It affects your willpower, your defense against some magical effects.
   It lets you turn invisible.
   It lets you go berserk.
 A - a +3 vorpal great mace
   (Trog gifted it to you in the Dungeon)
Missiles
 c - 9 curare-tipped darts {=f}
 k - 75 arrows
 q - 16 bolts
 x - 18 poisoned darts
 G - 22 stones
Armour
 a - the +4 dragonskin cloak (worn)
   (You took it off Tiamat in the Dungeon)
 m - a +2 cloak of willpower
   (You bought it in a shop in the Dungeon)
 n - a +2 pair of boots of rampaging (worn)
   (You bought it in a shop in the Dungeon)
 o - a +1 chain mail of fire resistance
   (You bought it in a shop in the Dungeon)
 t - a +1 pair of gloves (worn)
   (You found it in the Dungeon)
 y - +0 gold dragon scales {rare}
   (You found it in the Dungeon)
 M - a +2 scale mail of fire resistance (worn)
   (You found it in the Dungeon)
Jewellery
 C - a ring of protection from cold (left hand)
   (You found it in the Dungeon)
 F - a ring of protection from fire (right hand)
   (You found it in the Dungeon)
 L - an uncursed amulet of inaccuracy
   (You found it in the Dungeon)
Wands
 h - a wand of polymorph (10)
   (You found it in the Dungeon)
 i - a wand of flame (18)
   (You took it off Ijyb in the Dungeon)
 J - a wand of digging (5)
   (You bought it in a shop in the Dungeon)
 K - a wand of acid (7)
   (You found it in the Dungeon)
Scrolls
 b - a scroll of acquirement {unknown}
 j - a scroll of fog {unknown}
 u - a scroll of blinking {!r}
 w - a scroll of fear
 E - a scroll of magic mapping {!r}
Potions
 d - 6 potions of heal wounds {@q2}
 e - a potion of brilliance
 f - 2 potions of magic
 g - a potion of berserk rage {!q}
 l - a potion of lignification {unknown}
 p - 5 potions of curing {@q1}
 B - 3 potions of might

Dungeon Overview and Level Annotations

Branches:
Dungeon (1/1)

Altars:
Cheibriados
Dithmenos
Elyvilon
Fedhas
Gozag
Hepliaklqana
Kikubaaqudgha
Makhleb
Nemelex Xobeh
Okawaru
Qazlal
Ru
Sif Muna
Trog
Uskayaw
Vehumet
Wu Jian
Xom
Yredelemnul
Zin
The Shining One
Jiyva
Lugonu

Shops:
D [?:??[?:!}(![}=*??}[!(

Annotations:
D Lom Lobon

[###.'.#..^###''##)##...#mm≈##..§
##.###§#^^###..###).#'###..≈#...^
.'.∩##§#..####..###.).#,≈,,##..§§
######§##'#..#..#.###.#,≈,,#....§
..÷.##§##.#.........#)#**,,#.....
...÷§'.####.......○○#§#,+,,##^.^.
######§#)['..○°..####'#,**'*#....
...§§#§#####...###1X..#^*≈≈≈##...
....#§.#)..#####@&X####,*≈≈≈≈##..
...≈####..§§*§..§###^,,^*≈≈≈≈≈###
..≈≈##.[..§§&#####^,,,****≈≈≈≈*≈≈
≈≈≈###...§§§##,,,,,^,,*,,*'≈≈≈'≈≈
≈### #.....##^,,^,,,,,*,,,**≈≈*≈≈
#+####.....#^^,,,,,^^,*,,,,******
##∩∩####&#######,,,^,,*,,,,*≈≈≈≈≈
∩∩∩###≈≈≈≈≈≈≈≈.#,,,^,,*******≈≈≈≈
#### ###.#######,,,^,,+,,*,,',,,≈


You could see Lom Lobon (tornado), Naoruok, an Ice Fiend (unaware), 2 large
abominations and a ball lightning.


Message History

The large abomination closely misses you.
The Ice Fiend calls on the powers of darkness!
Your deep troll convulses!
Your body is wracked with pain!
* * * LOW HITPOINT WARNING * * *
Your deep troll bites Naoruok but does no damage.
Your deep troll barely misses Naoruok.
Your deep troll completely misses Naoruok. 😨 HP[-21]
You now have 232 max hp (+77).
You feel a strong urge to attack something.
Naoruok hits you!!
* * * LOW HITPOINT WARNING * * *
Your deep troll completely misses Naoruok. x2
Your deep troll barely misses Naoruok. 😨 HP[-21]
You take 21 damage, and now have 88/232 hp.
You completely miss Naoruok. Your bite misses Naoruok. Naoruok hits you!
* * * LOW HITPOINT WARNING * * *
😨 HP[-11]
You take 11 damage, and now have 77/232 hp.
You hit Naoruok.
Your deep troll barely misses Naoruok. x2
Your deep troll completely misses Naoruok.
Naoruok hits you!
* * * LOW HITPOINT WARNING * * *
The Ice Fiend calls on the powers of darkness!
Your body is wracked with pain!
* * * LOW HITPOINT WARNING * * *
Your deep troll convulses! 😱 HP[-41]
You take 41 damage, and now have 36/232 hp.
You closely miss Naoruok.
Your deep troll misses Naoruok.
Your deep troll barely misses Naoruok.
Your deep troll claws Naoruok!!
The large abomination closely misses you.
Naoruok hits you but does no damage.
You miss Naoruok. Your headbutt misses Naoruok. 😱 HP[+1]
You completely miss Naoruok. Your headbutt misses Naoruok.
Your bite misses Naoruok.
Your deep troll completely misses Naoruok.
Your deep troll misses Naoruok.
Your deep troll claws Naoruok!!
Naoruok gestures.
Send 'em back where they came from!
Trog shields your ally from puny magic!
The Ice Fiend calls on the powers of darkness!
Your body is wracked with pain!
* * * LOW HITPOINT WARNING * * *
Your deep troll convulses!
Lom Lobon gestures. 3 ball lightnings come into view. 😱 HP[-15]
You take 15 damage, and now have 22/232 hp.
You are too berserk!
You sock Naoruok! Your headbutt misses Naoruok. Your bite misses Naoruok.
The large abomination misses you.
Your deep troll misses Naoruok.
Your deep troll barely misses Naoruok. x2
Naoruok gestures at you.
You easily resist.
The ball lightning explodes!
The blast of lightning engulfs the ball lightning.
The ball lightning completely resists.
The blast of lightning engulfs the large abomination!
The blast of lightning engulfs you. You resist.
* * * LOW HITPOINT WARNING * * *
The blast of lightning engulfs your deep troll.
The blast of lightning engulfs Lom Lobon.
Lom Lobon completely resists.
The ball lightning moves out of view. 😱 HP[-3]
You take 3 damage, and now have 19/232 hp.
You completely miss Naoruok. Your headbutt misses Naoruok.
Your deep troll closely misses Naoruok.
Your deep troll completely misses Naoruok.
Your deep troll claws Naoruok but does no damage.
Lom Lobon gestures.
A great vortex of raging winds appears around Lom Lobon!
You closely miss Naoruok. Your headbutt misses Naoruok. Naoruok hits you!!
* * * LOW HITPOINT WARNING * * *
The ball lightning explodes!
The blast of lightning engulfs the large abomination!
The large abomination is destroyed!
The blast of lightning engulfs you but does no damage.
You resist.
The blast of lightning engulfs your deep troll.
The blast of lightning engulfs Lom Lobon.
Lom Lobon completely resists.
A ball lightning comes into view. 😱 HP[-18]
You take 18 damage, and now have 1/232 hp.
You sock Naoruok! You burn Naoruok. Your headbutt misses Naoruok.
Your deep troll bites Naoruok!!
Your deep troll completely misses Naoruok.
Your deep troll misses Naoruok.
Naoruok gestures at you.
The ball lightning blinks!
The ball lightning explodes!
The blast of lightning engulfs your deep troll!
Your deep troll dies!
Your deep troll's corpse disappears in a puff of smoke!
The blast of lightning engulfs you. You resist.
You die...

Skill      XL: |  1  2  3  4  5  6  7  8  9 10 11 12 13 |
---------------+----------------------------------------+-----
Fighting       | 6 8 10 11 13 15 16 18 20 23 25 | 25.6
Maces & Flails | 6 8 10 11 13 15 16 18 20 | 20.1
Armour         | 6 14 18 | 18.0
Dodging        | 5 13 | 13.3

Action                   |  1- 3 |  4- 6 |  7- 9 | 10-12 | 13-15 || total
-------------------------+-------+-------+-------+-------+-------++-------
Melee: Mace              |     9 |    23 |    39 |    26 |       ||    97
       Headbutt          |       |     2 |     7 |    36 |     6 ||    51
       Great mace        |       |       |       |   121 |    21 ||   142
       Bite              |       |       |       |     2 |     3 ||     5
Invok: Berserk           |     2 |     4 |     6 |    19 |     2 ||    33
       Brothers in Arms  |       |       |       |     1 |     5 ||     6
Evoke: Wand              |       |       |       |     2 |     1 ||     3
  Use: Potion            |       |       |     2 |     1 |       ||     3
       Scroll            |       |       |     1 |    10 |     4 ||    15
 Stab: Distracted        |       |       |     1 |       |       ||     1
Armor: Scale mail        |       |     2 |    21 |    13 |     2 ||    38
       Chain mail        |       |       |       |    12 |       ||    12
       Gold dragon scale |       |       |       |    18 |       ||    18
Dodge: Dodged            |     3 |     4 |    20 |    45 |     4 ||    76

Levels and vault maps discovered:
D:        dungeon_sprint_1 [red_sonja_temple_1, red_sonja_temple_small_1]

Notes
Turn   | Place    | Note
-------+----------+-------------------------------------------
     0 | D        | Dadi the Minotaur Berserker began the quest for the Orb.
     0 | D        | Reached XP level 1. HP: 19/19 MP: 0/0
     0 | D        | magus.rc [v1.10.3.2021-6-05.01:30:15PM]
     1 | D        | Noticed Ijyb
    10 | D        | Killed Ijyb
    11 | D        | Reached skill level 6 in Fighting
    11 | D        | Reached skill level 6 in Maces & Flails
    11 | D        | Reached XP level 2. HP: 18/30 MP: 1/1
   173 | D        | Noticed an ogre
   177 | D        | Killed an ogre
   178 | D        | Reached skill level 8 in Fighting
   178 | D        | Reached skill level 8 in Maces & Flails
   178 | D        | Reached XP level 3. HP: 41/41 MP: 2/2
   178 | D        | Reached XP level 4. HP: 49/49 MP: 3/3
   246 | D        | Noticed Sigmund
   254 | D        | Killed Sigmund
   254 | D        | Reached ** piety under Trog
   255 | D        | Reached skill level 10 in Fighting
   255 | D        | Reached skill level 10 in Maces & Flails
   255 | D        | Reached XP level 5. HP: 54/59 MP: 4/4
   384 | D        | Found an ornate altar of the Wu Jian Council.
   384 | D        | Found a shimmering blue altar of Sif Muna.
   386 | D        | Found a radiant altar of Vehumet.
   390 | D        | Reached skill level 11 in Fighting
   390 | D        | Reached skill level 11 in Maces & Flails
   390 | D        | Reached XP level 6. HP: 68/68 MP: 5/5
   505 | D        | Found a burning altar of Makhleb.
   505 | D        | Found a viscous altar of Jiyva.
   505 | D        | Found a shimmering altar of Xom.
   505 | D        | Found a corrupted altar of Lugonu.
   505 | D        | Noticed a slime creature
   516 | D        | Killed a slime creature
   517 | D        | Reached skill level 12 in Fighting
   517 | D        | Reached skill level 12 in Maces & Flails
   595 | D        | Found Liod's Magic Scroll Emporium.
   595 | D        | Found an ancient bone altar of Kikubaaqudgha.
   595 | D        | Found a hazy altar of Hepliaklqana.
   595 | D        | Found a stormy altar of Qazlal.
   595 | D        | Found a hide-covered altar of Uskayaw.
   595 | D        | Found a blossoming altar of Fedhas.
   595 | D        | Found a bloodstained altar of Trog.
   595 | D        | Found an iron altar of Okawaru.
   595 | D        | Found a basalt altar of Yredelemnul.
   595 | D        | Found a glowing golden altar of the Shining One.
   595 | D        | Found a snail-covered altar of Cheibriados.
   595 | D        | Found a sacrificial altar of Ru.
   595 | D        | Found a glowing silver altar of Zin.
   595 | D        | Found a shadowy altar of Dithmenos.
   595 | D        | Found a white marble altar of Elyvilon.
   595 | D        | Noticed a yak
   601 | D        | Killed a yak
   601 | D        | Reached *** piety under Trog
   602 | D        | Reached skill level 13 in Fighting
   602 | D        | Reached skill level 13 in Maces & Flails
   602 | D        | Reached XP level 7. HP: 79/79 MP: 6/6
   602 | D        | Found an opulent altar of Gozag.
   603 | D        | Found a sparkling altar of Nemelex Xobeh.
   660 | D        | Noticed a centaur warrior
   660 | D        | Noticed a centaur warrior
   677 | D        | Killed a centaur warrior
   678 | D        | Reached skill level 15 in Fighting
   678 | D        | Reached skill level 15 in Maces & Flails
   678 | D        | Reached XP level 8. HP: 91/91 MP: 7/7
   742 | D        | Killed a centaur warrior
   743 | D        | Reached skill level 16 in Fighting
   743 | D        | Reached skill level 16 in Maces & Flails
   747 | D        | Noticed a hornet
   749 | D        | Paralysed by a hornet for 1 turns
   961 | D        | Paralysed by a hornet for 2 turns
   967 | D        | Killed a hornet
   968 | D        | Reached XP level 9. HP: 101/101 MP: 8/8
  1009 | D        | Noticed a deep troll
  1025 | D        | Killed a deep troll
  1025 | D        | Reached **** piety under Trog
  1026 | D        | Reached skill level 17 in Fighting
  1026 | D        | Reached skill level 17 in Maces & Flails
  1060 | D        | Noticed Sonja
  1080 | D        | HP: 12/67 [Sonja/+0 short sword of draining (5)]
  1084 | D        | Killed Sonja
  1449 | D        | Found Lethroat's Armour Emporium.
  1456 | D        | Bought a +1 cloak of willpower for 181 gold pieces
  1461 | D        | Bought a +1 pair of boots of rampaging for 181 gold pieces
  1461 | D        | Bought a +1 chain mail of fire resistance for 181 gold
                  | pieces
  1530 | D        | Noticed an oklob plant
  1638 | D        | Found Tegruof's Armour Boutique.
  1652 | D        | Noticed a shining eye
  1652 | D        | Noticed a shining eye
  1652 | D        | Noticed a shining eye
  1656 | D        | Paralysed by a floating eye for 3 turns
  1665 | D        | Reached skill level 18 in Fighting
  1665 | D        | Reached skill level 18 in Maces & Flails
  1665 | D        | Reached ***** piety under Trog
  1671 | D        | Gained mutation: You are clumsy. (Dex -2) [a shining eye]
  1673 | D        | Killed a shining eye
  1674 | D        | Reached XP level 10. HP: 114/114 MP: 9/9
  1674 | D        | Gained mutation: You are frail. (-10% HP) [a shining eye]
  1678 | D        | Killed a shining eye
  1682 | D        | Killed a shining eye
  1683 | D        | Reached skill level 19 in Fighting
  1683 | D        | Reached skill level 19 in Maces & Flails
  1795 | D        | Noticed a shining eye
  1799 | D        | Gained mutation: You are dopey. (Int -2) [a shining eye]
  1804 | D        | Killed a shining eye
  1921 | D        | Noticed a shining eye
  1921 | D        | Noticed a shining eye
  1944 | D        | Killed a shining eye
  2069 | D        | Killed a shining eye
  2069 | D        | Received a gift from Trog
  2191 | D        | Noticed a shining eye
  2191 | D        | Noticed a shining eye
  2309 | D        | Lost mutation: You are clumsy. (Dex -2) [a shining eye]
  2333 | D        | Killed a shining eye
  2447 | D        | Gained mutation: Your skin changes colour to match your
                  | surroundings (Stealth+). [a shining eye]
  2468 | D        | Killed a shining eye
  2468 | D        | Reached ****** piety under Trog
  2469 | D        | Reached skill level 20 in Fighting
  2469 | D        | Reached skill level 20 in Maces & Flails
  2587 | D        | Reached skill level 3 in Armour
  2596 | D        | Found Kaor's Magic Scroll Shoppe.
  2596 | D        | Found Fiv Jof's Book Emporium.
  2597 | D        | Found Faollu's Antique Armour Boutique.
  2598 | D        | Found Niluggom's Magic Scroll Shop.
  2603 | D        | Bought a scroll of magic mapping for 42 gold pieces
  2682 | D        | Bought a scroll of enchant weapon for 90 gold pieces
  2726 | D        | Reached skill level 3 in Dodging
  2728 | D        | Reached skill level 4 in Armour
  2728 | D        | Reached skill level 4 in Dodging
  2734 | D        | Received a gift from Trog
  2735 | D        | Reached skill level 5 in Armour
  2845 | D        | Reached skill level 6 in Armour
  2845 | D        | Reached skill level 5 in Dodging
  2847 | D        | Reached XP level 11. HP: 111/111 MP: 10/10
  2848 | D        | Reached skill level 7 in Armour
  2848 | D        | Reached skill level 6 in Dodging
  2987 | D        | Noticed a lindwurm
  2991 | D        | Killed a lindwurm
  2992 | D        | Reached skill level 8 in Armour
  2992 | D        | Reached skill level 7 in Dodging
  3099 | D        | Received a gift from Trog
  3103 | D        | Reached skill level 8 in Dodging
  3104 | D        | Reached skill level 9 in Armour
  3107 | D        | Received a gift from Trog
  3108 | D        | Reached skill level 9 in Dodging
  3110 | D        | Reached skill level 10 in Armour
  3151 | D        | Noticed a 12-headed hydra
  3153 | D        | Killed a 12-headed hydra
  3154 | D        | Reached skill level 11 in Armour
  3154 | D        | Reached skill level 10 in Dodging
  3154 | D        | Received a gift from Trog
  3247 | D        | Noticed a shadow dragon
  3255 | D        | Killed a shadow dragon
  3256 | D        | Reached skill level 12 in Armour
  3256 | D        | Reached skill level 11 in Dodging
  3392 | D        | Noticed a golden dragon
  3614 | D        | Killed a golden dragon
  3614 | D        | Identified +0 gold dragon scales
  3615 | D        | Reached skill level 14 in Armour
  3615 | D        | Reached skill level 13 in Dodging
  3615 | D        | Reached XP level 12. HP: 119/119 MP: 11/11
  3616 | D        | +0 gold dragon scales {rare}; a golden dragon corpse
  3616 | D        | y - +0 gold dragon scales {rare}
  3629 | D        | You finish putting on your +0 gold dragon scales {rare}.
  3756 | D        | Got a shimmering triple sword {rare}
  3756 | D        | z - a shimmering triple sword {rare}
  3757 | D        | Identified the +8 triple sword of Corruption {venom, +Rage
                  | +Inv Will+ Dex-4, rare} (You found it in the Dungeon)
  3757 | D        | the +8 triple sword of Corruption {venom, +Rage +Inv Will+
                  | Dex-4, rare} begins to drip with poison!
  3757 | D        | z - the +8 triple sword of Corruption (weapon) {venom,
                  | +Rage +Inv Will+ Dex-4, rare}
  3758 | D        | the +8 triple sword of Corruption {venom, +Rage +Inv Will+
                  | Dex-4, rare} stops dripping with poison.
  3818 | D        | Found Rijod's Weapon Shoppe.
  3858 | D        | Noticed a deep elf annihilator
  4151 | D        | Noticed a daeva
  4251 | D        | Reached skill level 15 in Armour
  4378 | D        | Killed a lorocyproca
  4378 | D        | Received a gift from Trog
  4572 | D        | D - a glowing eveningstar {god gift, rare}
  5086 | D        | D - a +1 antimagic eveningstar (weapon) {rare}
  5211 | D        | Reached skill level 16 in Armour
  5387 | D        | Reached skill level 17 in Armour
  5520 | D        | Received a gift from Trog
  5647 | D        | Paralysed by a floating eye for 3 turns
  5660 | D        | Received a gift from Trog
  5663 | D        | Reached skill level 18 in Armour
  5668 | D        | Got an ichor-stained war axe
  5687 | D        | You finish taking off your +0 gold dragon scales {rare}.
  5695 | D        | Identified the +7 war axe of Mamet {flame, Fragile Dex+8}
                  | (You found it in the Dungeon)
  5699 | D        | Found Hemiasajo's Book Shoppe.
  5699 | D        | Found Tireylal's Magic Scroll Shop.
  5699 | D        | Found Fyumet's Distillery.
  5701 | D        | Found Karoc's Gadget Emporium.
  5701 | D        | Found Yckaed's Weapon Shop.
  5701 | D        | Found Ifiet's Distillery.
  5701 | D        | Found Dubublu's Antique Armour Boutique.
  5701 | D        | Found Jasin's Gadget Emporium.
  5701 | D        | Found Meurph's Jewellery Shop.
  5701 | D        | Found Axisue's Assorted Antiques.
  5704 | D        | Bought a potion of might for 56 gold pieces
  5704 | D        | Bought a potion of might for 56 gold pieces
  5704 | D        | Found Paschin's Magic Scroll Boutique.
  5705 | D        | Found Oguw's Gadget Emporium.
  5705 | D        | Found Fufemos's Magic Scroll Boutique.
  5706 | D        | Found Penleod's Distillery.
  5719 | D        | Bought a scroll of identify for 42 gold pieces
  5721 | D        | Bought a scroll of enchant weapon for 82 gold pieces
  5722 | D        | Bought a wand of digging (8) for 288 gold pieces
  5725 | D        | Bought a scroll of remove curse for 39 gold pieces
  5732 | D        | Lost mutation: You are frail. (-10% HP) [potion of
                  | mutation]
  5732 | D        | Lost mutation: You are dopey. (Int -2) [potion of mutation]
  5732 | D        | Gained mutation: You expend magic power (3 MP) to
                  | strengthen your wands. [potion of mutation]
  5732 | D        | Gained mutation: You are strong-willed. (Will+) [potion of
                  | mutation]
  5732 | D        | Gained mutation: You have very sharp teeth. [potion of
                  | mutation]
  5749 | D        | Bought a potion of heal wounds for 65 gold pieces
  5749 | D        | Bought a potion of heal wounds for 65 gold pieces
  5749 | D        | Bought a potion of heal wounds for 65 gold pieces
  5749 | D        | Bought 2 potions of heal wounds for 130 gold pieces
  5756 | D        | Bought a scroll of enchant armour for 82 gold pieces
  5871 | D        | Killed a daeva
  5872 | D        | Reached skill level 21 in Fighting
  6047 | D        | Received a gift from Trog
  6053 | D        | Reached skill level 22 in Fighting
  6091 | D        | Noticed a fire giant
  6111 | D        | Killed a fire giant
  6122 | D        | Noticed a fire giant
  6138 | D        | Killed a fire giant
  6138 | D        | Received a gift from Trog
  6139 | D        | Reached skill level 23 in Fighting
  6140 | D        | Noticed a fire giant
  6144 | D        | Killed a fire giant
  6145 | D        | Reached XP level 13. HP: 100/149 MP: 12/12
  6279 | D        | Noticed a fire giant
  6284 | D        | Killed a fire giant
  6285 | D        | Reached skill level 24 in Fighting
  6398 | D        | You drop a +1 antimagic eveningstar {rare}.
  6497 | D        | Bought a scroll of blinking for 105 gold pieces
  6497 | D        | Bought a scroll of enchant weapon for 105 gold pieces
  6497 | D        | Bought a scroll of blinking for 105 gold pieces
  6559 | D        | Found the +4 dragonskin cloak
  6559 | D        | Noticed Tiamat
  6559 | D        | Tiamat, Avatar of the Dragonlord comes into view. She is
                  | wielding a +2 bardiche of freezing and wearing the +4
                  | dragonskin cloak.
  6575 | D        | Killed Tiamat
  6576 | D        | Reached skill level 25 in Fighting
  6845 | D        | Got the Orb of Zot
  6855 | D        | Noticed Naoruok the pandemonium lord
  6855 | D        | Noticed an Ice Fiend
  6859 | D        | Noticed Lom Lobon
  6864 | D        | HP: 36/232 [???[Naoruok] (33)]
  6870 | D        | HP: 1/232 [Naoruok the pandemonium lord (19)]
  6871 | D        | Killed by an exploding ball lightning

Vanquished Creatures
  A golden dragon (D)
  A shadow dragon (D)
  A daeva (D)
  4 fire giants (D)
  A lorocyproca (D)
  A hydra (D)
  2 centaur warriors (D)
  Sonja (D)
  7 unseen horrors (D)
  A deep troll (D)
  A lindwurm (D)
  An oklob plant (D)
  8 shining eyes (D)
  A merfolk siren (D)
  A gargoyle (D)
  2 kobold demonologists (D)
  4 demonic crawlers (D)
  A meliai (D)
  A hornet (D)
  A slime creature (D)
  Sigmund (D)
  2 redbacks (D)
  A yak (D)
  13 hogs (D)
  7 floating eyes (D)
  7 necrophages (D)
  An ogre (D)
  8 jellies (D)
  Ijyb (D)
  A ballistomycete spore (D)
83 creatures vanquished.

Vanquished Creatures (collateral kills)
  Tiamat (D)
1 creature vanquished.

Vanquished Creatures (others)
  A merfolk siren (D)
  A gargoyle (D)
  A hellwing (D)
  3 ball lightnings (D)
  A ballistomycete spore (D)
7 creatures vanquished.

Grand Total: 91 creatures vanquished

Table legend:
 A = Non-vault XP
 B = Vault XP
 C = Vault XP percentage of total XP
 D = Non-vault monster count
 E = Vault monster count
 F = Vault count percentage of total count
                 A         B        C        D         E       F
            +---------+---------+-------+---------+---------+-------
      Total |       0 |   46617 | 100.0 |       0 |      84 | 100.0
            +---------+---------+-------+---------+---------+-------
          D |       0 |   46617 | 100.0 |       0 |      84 | 100.0
            +---------+---------+-------+---------+---------+-------

Illustrated notes

Table legend:
 A = Kills in this place as a percentage of kills in entire the game.
 B = Kills by you in this place as a percentage of kills by you in the entire game.
 C = Kills by friends in this place as a percentage of kills by friends in the entire game.
 D = Other kills in this place as a percentage of other kills in the entire game.
 E = Experience gained in this place as a percentage of experience gained in the entire game.
 F = Experience gained in this place divided by the number of levels of this place that you have seen.
                   A       B       C       D       E      F
               +-------+-------+-------+-------+-------+----------------------
         Total | 100.0 | 100.0 | 100.0 | 100.0 | 100.0 | 46617.0
       Dungeon | 100.0 | 100.0 | 100.0 | 100.0 | 100.0 | 46617.0
               +-------+-------+-------+-------+-------+----------------------

Table legend: (Time is in decaauts)
 A = Elapsed time spent in this place.
 B = Non-inter-level travel time spent in this place.
 C = Inter-level travel time spent in this place.
 D = Time resting spent in this place.
 E = Time spent auto-exploring this place.
 F = Levels seen in this place.
 G = Mean time per level.
                   A        B        C        D        E       F      G
               +--------+--------+--------+--------+--------+-----+--------+
         Total |   7086 |   6940 |    146 |   5138 |     24 |   1 | 7086.0 |
       Dungeon |   7086 |   6940 |    146 |   5138 |     24 |   1 | 7086.0 |
               +--------+--------+--------+--------+--------+-----+--------+

Top non-repeatable levels by time:
       D: 7086 daAuts
